 Dungeon Crawl Stone Soup version 0.28-a0-643-g84cb2ea78e (webtiles) character file.

Game seed: 5347908230272121965

120 Sabo the Shield-Bearer (level 5, -12/42 HPs)
             Began as a Formicid Fighter on Oct 10, 2021.
             Was a Follower of Cheibriados.
             Mangled by an orc warrior (15 damage)
             ... on level 4 of the Dungeon.
             The game lasted 00:16:09 (3132 turns).

Sabo the Shield-Bearer (Formicid Fighter)           Turns: 3132, Time: 00:16:10

Health: -12/42     AC: 10    Str: 25    XL:     5   Next: 25%
Magic:  2/5        EV:  8    Int: 10    God:    Cheibriados [*.....]
Gold:   189        SH:  5    Dex: 13    Spells: 4/4 levels left

rFire   . . .      SeeInvis +   a - +0 quarterstaff
rCold   + . .      Faith    .   c - +0 buckler
rNeg    . . .      Spirit   .   h - +0 chain mail
rPois   .          Reflect  .   (helmet unavailable)
rElec   .          Harm     .   (no cloak)
rCorr   .          Rampage  .   (no gloves)
Will    .....                   d - +0 pair of boots
Stlth   ..........              (no amulet)
HPRegen 0.14/turn               i - +4 ring of slaying
MPRegen 0.09/turn               p - ring of protection from cold

@: very slow
A: permanent stasis, dig shafts and tunnels, antennae 3, four strong arms
a: Dig, Shaft Self, Renounce Religion, Bend Time


You were on level 4 of the Dungeon.
You worshipped Cheibriados.
Cheibriados was aware of your devotion.
You visited 1 branch of the dungeon, and saw 4 of its levels.

You collected 189 gold pieces.

Inventory:

Hand Weapons
 a - a +0 quarterstaff (weapon)
 g - a +0 hunting sling
Missiles
 j - 14 poisoned darts (quivered)
 m - 24 bolts
Armour
 c - a +0 buckler (worn)
 d - a +0 pair of boots (worn)
 h - a +0 chain mail (worn)
Jewellery
 i - a +4 ring of slaying (left hand)
 p - a ring of protection from cold (right hand)
Scrolls
 b - a scroll of fog
 e - a scroll of enchant weapon
 f - a scroll of identify
Potions
 k - a potion of attraction {unknown}
 l - a potion of magic {unknown}
 n - a potion of invisibility {unknown}
 o - a potion of heal wounds {unknown}


   Skills:
 + Level 4.0 Fighting
 + Level 3.0 Staves
 + Level 4.3 Armour
 + Level 0.1 Dodging
 + Level 0.1 Stealth
 + Level 4.4 Shields


You had 4 spell levels left.
You didn't know any spells.
Your spell library contained the following spells:

 Spells                   Type           Power      Damage    Failure   Level
 Scorch                   Fire           0%         2d5       98%         2
 Flame Wave               Conj/Fire      0%         3d3       100%        4
 Summon Cactus Giant      Summ           0%         N/A       100%        6


Dungeon Overview and Level Annotations

Branches:
Dungeon (4/15)
 Temple: D:4-7

Altars:
Cheibriados
Kikubaaqudgha


Innate Abilities, Weirdness & Mutations

You cannot be hasted, slowed, berserked, paralysed or teleported.
You can dig through walls and to a lower floor.
You have a pair of large antennae on your head. (SInv)
Your four strong arms can wield two-handed weapons with a shield.


Message History

The quokka twitches its whiskers.
Things that are here:
a +0 flail; an orc corpse
Found a leather armour.
You sock the quokka!
You kill the quokka!
Cheibriados thoroughly appreciates the change of pace.
You see here a quokka corpse.
You start resting.
HP restored.
Things that are here:
a +0 flail; an orc corpse
Found 16 gold pieces.
Things that are here:
a +0 flail; an orc corpse
Found a stone staircase leading up.
An orc warrior and an orc wizard come into view.
Found a dagger.
The orc warrior shouts!
The orc wizard shouts!
You hear a shout!
An orc priest comes into view. It is wielding a +0 dagger.
You hit the orc warrior.
The orc warrior is lightly wounded.
The orc warrior hits you with a +0 battleaxe!
The orc wizard gestures wildly while chanting.
The orc wizard flickers and vanishes for a moment.
The orc warrior hits you with a +0 battleaxe.
You hit the orc warrior but do no damage.
The orc warrior is lightly wounded.
The orc warrior hits you with a +0 battleaxe.
You barely miss the orc warrior.
The orc warrior is lightly wounded.
The orc warrior hits you with a +0 battleaxe!
The flow of time bends around you.
The orc warrior resists with some effort.
The orc warrior hits you with a +0 battleaxe!!
* * * LOW HITPOINT WARNING * * *
You hit the orc warrior but do no damage.
The orc warrior is lightly wounded.
The orc warrior hits you with a +0 battleaxe!
You die...

#....... .[....# ##
#...#.# ..{
#.....##########.#
###.....#....@ooo..#
........#.#######..#
#....#......<#..#
#....#..........#
#...†#.#######{#. {
#.<..#.# .+.{{{
#...)#.# o# )o
+......# o. ..#
###....# {


You could see an orc warrior, an orc priest and an orc wizard (invisible).

Vanquished Creatures
  A jelly (D:3)
  4 adders
  A dart slug (D:3)
  An orc (D:4)
  4 bats
  7 endoplasms
  2 giant cockroaches
  4 goblins
  3 hobgoblins (D:1)
  2 jackals (D:2)
  8 kobolds
  3 quokkas
  2 ball pythons
  3 frilled lizards
  3 rats
48 creatures vanquished.

Notes
Turn   | Place    | Note
-------+----------+-------------------------------------------
     0 | D:1      | Sabo the Formicid Fighter began the quest for the Orb.
     0 | D:1      | Reached XP level 1. HP: 18/18 MP: 1/1
    18 | D:1      | You fall into a shaft and drop 1 floor!
   197 | D:1      | Reached XP level 2. HP: 22/24 MP: 2/2
  1172 | D:2      | Reached XP level 3. HP: 22/29 MP: 3/3
  1329 | D:2      | Reached XP level 4. HP: 18/37 MP: 4/4
  2339 | D:3      | Found a faded altar of an unknown god.
  2348 | D:3      | Prayed at the altar of an unknown god.
  2348 | D:3      | Became a worshipper of Cheibriados the Contemplative
  2348 | D:3      | Reached * piety under Cheibriados
  2513 | D:3      | Found an ancient bone altar of Kikubaaqudgha.
  2572 | D:3      | Reached XP level 5. HP: 31/42 MP: 5/5
  3120 | D:4      | Noticed an orc warrior
  3132 | D:4      | Mangled by an orc warrior

Illustrated notes

Levels and vault maps discovered:
D:1:      heliophobic_arrival_enchanted_forest, layout_loops_ring
D:2:      minmay_alternating_diamond, layout_basic, minmay_pentomino_s4
D:3:      layout_loops_ring, mainiacjoe_overflow_brackets,
          dreamdust_ecumenical_altar_hidden_monk_grotto
D:4:      layout_basic, minmay_quadrilaterals

Skill      XL: |  1  2  3  4  5 |
---------------+----------------+-----
Shields        | 4 |  4.4
Armour         | 4 |  4.3
Fighting       | 4 |  4.0
Staves         | 3 |  3.0
Dodging        | |  0.1
Stealth        | |  0.1

Action                   |  1- 3 |  4- 6 || total
-------------------------+-------+-------++-------
Melee: Quarterstaff      |    58 |    51 ||   109
Throw: Dart              |       |     1 ||     1
Invok: Bend Time         |       |     1 ||     1
 Abil: Dig               |     3 |     9 ||    12
  Use: Potion            |     1 |       ||     1
       Scroll            |       |     3 ||     3
Armor: Scale mail        |     8 |       ||     8
       Chain mail        |    48 |    29 ||    77
Dodge: Dodged            |    37 |    20 ||    57
Block: Buckler           |    21 |    12 ||    33

Table legend: (Time is in decaauts)
 A = Elapsed time spent in this place.
 B = Non-inter-level travel time spent in this place.
 C = Inter-level travel time spent in this place.
 D = Time resting spent in this place.
 E = Time spent auto-exploring this place.
 F = Levels seen in this place.
 G = Mean time per level.
                   A        B        C        D        E       F      G
               +--------+--------+--------+--------+--------+-----+--------+
         Total |   3480 |   3480 |      0 |    652 |      0 |   4 |  870.0 |
       Dungeon |   3480 |   3480 |      0 |    652 |      0 |   4 |  870.0 |
               +--------+--------+--------+--------+--------+-----+--------+

Top non-repeatable levels by time:
     D:2: 1292 daAuts
     D:3: 1072 daAuts
     D:1: 1053 daAuts
     D:4: 61 daAuts
